 Dungeon Crawl Stone Soup version 0.29-a0-322-g68df515428 (webtiles) character file.

Game seed: 1421201810796186648

1228 sanka the Chopper (level 8, -5/67 HPs)
             Began as a Gnoll Berserker on Apr 8, 2022.
             Was a Believer of Trog.
             Slain by a water moccasin (6 damage)
             ... on level 6 of the Dungeon.
             The game lasted 00:05:57 (5076 turns).

sanka the Chopper (Gnoll Berserker)                 Turns: 5076, Time: 00:05:58

Health: -5/67      AC:  7    Str: 19    XL:     8   Next: 48%
Magic:  12/12      EV: 12    Int:  7    God:    Trog [**....]
Gold:   282        SH:  9    Dex: 11    Spells: 13/13 levels left

rFire   + . .      SeeInvis .   a - +0 war axe
rCold   . . .      Faith    .   r - +0 buckler
rNeg    . . .      Spirit   .   j - +1 ring mail {rF+}
rPois   .          Reflect  +   (no helmet)
rElec   .          Harm     .   (no cloak)
rCorr   .          Rampage  .   (no gloves)
Will    +....                   (no boots)
Stlth   +.........              p - amulet of reflection
HPRegen 0.21/turn               u - ring of willpower
MPRegen 0.13/turn               o - ring of flight

@: lethally poisoned (-5 -> -18), flying
A: fangs 1, strong nose, distributed training
a: Renounce Religion, Berserk, Trog's Hand


You were on level 6 of the Dungeon.
You worshipped Trog.
Trog was pleased with you.
You visited 1 branch of the dungeon, and saw 6 of its levels.

You collected 282 gold pieces.


Innate Abilities, Weirdness & Mutations

You have very sharp teeth.
Your uncanny sense of smell can sniff out nearby items.
Your experience applies equally to all skills.


   Skills:
 + Level 7.4 Fighting
 + Level 3.3 Short Blades
 + Level 3.3 Long Blades
 + Level 7.4 Axes
 + Level 3.3 Maces & Flails
 + Level 3.3 Polearms
 + Level 3.3 Staves
 + Level 3.3 Slings
 + Level 3.3 Bows
 + Level 3.3 Crossbows
 + Level 3.3 Throwing
 + Level 5.7 Armour
 + Level 5.7 Dodging
 + Level 3.3 Stealth
 + Level 3.3 Shields
 + Level 3.3 Unarmed Combat
 + Level 3.3 Spellcasting
 + Level 2.7 Conjurations
 + Level 2.7 Hexes
 + Level 2.7 Summonings
 + Level 2.7 Necromancy
 + Level 2.7 Translocations
 + Level 2.7 Transmutations
 + Level 2.7 Fire Magic
 + Level 2.7 Ice Magic
 + Level 2.7 Air Magic
 + Level 2.7 Earth Magic
 + Level 2.7 Poison Magic
 + Level 3.6 Invocations
 + Level 3.3 Evocations


You had 13 spell levels left.
You didn't know any spells.
Your spell library was empty.

Inventory:

Hand Weapons
 a - a +0 war axe (weapon)
 y - a +0 battleaxe
Missiles
 t - 9 poisoned darts (quivered)
 w - a throwing net {=f}
Armour
 b - a +0 animal skin
 j - a +1 ring mail of fire resistance (worn)
 q - a +0 kite shield
 r - a +0 buckler (worn)
Jewellery
 o - a ring of flight (right hand)
 p - an amulet of reflection (around neck)
 u - a ring of willpower (left hand)
Wands
 s - a wand of flame (23)
Scrolls
 d - 6 scrolls of identify {unknown}
 e - a scroll of noise {unknown}
 k - a scroll of torment {unknown}
 l - a scroll of enchant weapon {unknown}
 m - 2 scrolls of teleportation {unknown}
 n - 3 scrolls of fog {unknown}
 x - a scroll of silence {unknown}
 z - a scroll of enchant armour {unknown}
Potions
 c - 6 potions of curing {unknown}
 f - a potion of ambrosia {unknown}
 g - a potion of heal wounds {unknown}
 h - a potion of brilliance {unknown}
 i - a potion of attraction {unknown}
 v - 2 potions of invisibility {unknown}
 A - a potion of cancellation {unknown}

Dungeon Overview and Level Annotations

Branches:
Dungeon (6/15)             Temple (0/1) D:4

Altars:
Elyvilon
Qazlal
Ru

Shops:
D:3 [

Annotations:
D:6 Pikel

▒▒▒▒▒▒▒▒▒▒▒▒▒▒▒
...............
..............▒
..............▒
.......£......▒
▒g.▒ ▒▒▒
▒▒▒▒▒FS▒▒▒...▒.
▒.........>....
▒......<†......
▒..............
▒.▒▒▒...▒▒▒+▒▒▒
▒. ▒...▒ .
..... ......


You could see a water moccasin and a bullfrog.


Message History

You feel very sick. The water moccasin misses you.
The water moccasin bites you but does no damage.
Unknown command.
You barely miss the water moccasin.
The water moccasin is almost dead.
You feel very sick. The water moccasin bites you.
* * * LOW HITPOINT WARNING * * *
You are lethally poisoned!
The water moccasin poisons you! The water moccasin bites you.
* * * LOW HITPOINT WARNING * * *
You barely miss the water moccasin.
The water moccasin is almost dead.
You hit the bullfrog.
* * * LOW HITPOINT WARNING * * *
You feel very sick. The bullfrog hits you.
* * * LOW HITPOINT WARNING * * *
The water moccasin bites you.
* * * LOW HITPOINT WARNING * * *
You barely miss the water moccasin.
The water moccasin is almost dead.
You barely miss the bullfrog.
* * * LOW HITPOINT WARNING * * *
You feel very sick. You block the bullfrog's attack.
The water moccasin bites you.
You die...

Action                   |  1- 3 |  4- 6 |  7- 9 || total
-------------------------+-------+-------+-------++-------
Melee: Hand axe          |    61 |     2 |       ||    63
       Bite              |     4 |    10 |     7 ||    21
       War axe           |       |    96 |    88 ||   184
Invok: Berserk           |     2 |     3 |     4 ||     9
       Trog's Hand       |       |       |     1 ||     1
Armor: Animal skin       |     3 |       |       ||     3
       Ring mail         |     7 |    34 |    28 ||    69
Dodge: Dodged            |    39 |    49 |    63 ||   151
Block: Buckler           |       |    13 |    61 ||    74
       Other             |       |     2 |       ||     2
       Reflection        |       |     1 |       ||     1

Levels and vault maps discovered:
D:1:      ncdulo_halloftheorcs, layout_loops_ring
D:2:      layout_loops_ring, shapermc_ecumenical_altar_acropolis,
          nicolae_figureground_sparkle, uniq_natasha
D:3:      layout_loops_cross, mainiacjoe_overflow_tiny_flanked, serial_shops,
          shop, minmay_cut_off
D:4:      minmay_wonky_spiral, layout_loops_ring, elyvilon_altar_5,
          minmay_temple_entry_offerings, minivault_27
D:5:      layout_rooms, general_overflow_altar
D:6:      layout_gridville, serial_shops, shop_fountains, shop, uniq_sigmund,
          uniq_pikel, uniq_crazy_yiuf_cottage

Notes
Turn   | Place    | Note
-------+----------+-------------------------------------------
     0 | D:1      | sanka the Gnoll Berserker began the quest for the Orb.
     0 | D:1      | Reached XP level 1. HP: 23/23 MP: 1/1
   318 | D:1      | Reached XP level 2. HP: 29/29 MP: 2/2
  1599 | D:2      | Reached skill level 1 in Short Blades
  1599 | D:2      | Reached skill level 1 in Long Blades
  1599 | D:2      | Reached skill level 1 in Maces & Flails
  1599 | D:2      | Reached skill level 1 in Polearms
  1599 | D:2      | Reached skill level 1 in Staves
  1599 | D:2      | Reached skill level 1 in Slings
  1599 | D:2      | Reached skill level 1 in Bows
  1599 | D:2      | Reached skill level 1 in Crossbows
  1599 | D:2      | Reached skill level 1 in Throwing
  1599 | D:2      | Reached skill level 1 in Stealth
  1599 | D:2      | Reached skill level 1 in Shields
  1599 | D:2      | Reached skill level 1 in Unarmed Combat
  1599 | D:2      | Reached skill level 1 in Spellcasting
  1599 | D:2      | Reached skill level 1 in Invocations
  1599 | D:2      | Reached skill level 1 in Evocations
  1599 | D:2      | Reached XP level 3. HP: 34/35 MP: 2/4
  1748 | D:2      | Found a faded altar of an unknown god.
  1862 | D:2      | Noticed Natasha
  1868 | D:2      | Reached XP level 4. HP: 41/41 MP: 5/5
  1869 | D:2      | Killed Natasha
  1988 | D:2      | Noticed Natasha
  1993 | D:2      | Killed Natasha
  1994 | D:2      | Reached skill level 1 in Conjurations
  1994 | D:2      | Reached skill level 1 in Hexes
  1994 | D:2      | Reached skill level 1 in Summonings
  1994 | D:2      | Reached skill level 1 in Necromancy
  1994 | D:2      | Reached skill level 1 in Translocations
  1994 | D:2      | Reached skill level 1 in Transmutations
  1994 | D:2      | Reached skill level 1 in Fire Magic
  1994 | D:2      | Reached skill level 1 in Ice Magic
  1994 | D:2      | Reached skill level 1 in Air Magic
  1994 | D:2      | Reached skill level 1 in Earth Magic
  1994 | D:2      | Reached skill level 1 in Poison Magic
  2236 | D:2      | Noticed Natasha
  2253 | D:2      | Killed Natasha
  2254 | D:2      | Reached XP level 5. HP: 17/47 MP: 5/7
  2641 | D:3      | Found a stormy altar of Qazlal.
  2789 | D:3      | Found Bayl's Antique Armour Emporium.
  3245 | D:4      | Found a white marble altar of Elyvilon.
  3408 | D:4      | Found a staircase to the Ecumenical Temple.
  3526 | D:4      | Noticed an ogre
  3534 | D:4      | Killed an ogre
  3535 | D:4      | Reached skill level 5 in Armour
  3535 | D:4      | Reached skill level 5 in Dodging
  3535 | D:4      | Reached skill level 2 in Invocations
  3535 | D:4      | Reached XP level 6. HP: 53/53 MP: 8/8
  3671 | D:4      | Noticed a black bear
  3678 | D:4      | Killed a black bear
  3679 | D:4      | Reached skill level 2 in Short Blades
  3679 | D:4      | Reached skill level 2 in Long Blades
  3679 | D:4      | Reached skill level 2 in Maces & Flails
  3679 | D:4      | Reached skill level 2 in Polearms
  3679 | D:4      | Reached skill level 2 in Staves
  3679 | D:4      | Reached skill level 2 in Slings
  3679 | D:4      | Reached skill level 2 in Bows
  3679 | D:4      | Reached skill level 2 in Crossbows
  3679 | D:4      | Reached skill level 2 in Throwing
  3679 | D:4      | Reached skill level 2 in Stealth
  3679 | D:4      | Reached skill level 2 in Shields
  3679 | D:4      | Reached skill level 2 in Unarmed Combat
  3679 | D:4      | Reached skill level 2 in Spellcasting
  3679 | D:4      | Reached skill level 2 in Evocations
  3980 | D:5      | Entered Level 5 of the Dungeon
  3985 | D:5      | Reached XP level 7. HP: 59/59 MP: 10/10
  3991 | D:5      | Reached skill level 7 in Fighting
  3991 | D:5      | Reached skill level 7 in Axes
  4062 | D:5      | Reached skill level 2 in Conjurations
  4062 | D:5      | Reached skill level 2 in Hexes
  4062 | D:5      | Reached skill level 2 in Summonings
  4062 | D:5      | Reached skill level 2 in Necromancy
  4062 | D:5      | Reached skill level 2 in Translocations
  4062 | D:5      | Reached skill level 2 in Transmutations
  4062 | D:5      | Reached skill level 2 in Fire Magic
  4062 | D:5      | Reached skill level 2 in Ice Magic
  4062 | D:5      | Reached skill level 2 in Air Magic
  4062 | D:5      | Reached skill level 2 in Earth Magic
  4062 | D:5      | Reached skill level 2 in Poison Magic
  4088 | D:5      | Reached ** piety under Trog
  4337 | D:5      | Reached skill level 3 in Invocations
  4476 | D:5      | Found a sacrificial altar of Ru.
  4576 | D:5      | Reached XP level 8. HP: 67/67 MP: 12/12
  4710 | D:6      | Noticed Pikel
  4746 | D:6      | Reached skill level 3 in Short Blades
  4746 | D:6      | Reached skill level 3 in Long Blades
  4746 | D:6      | Reached skill level 3 in Maces & Flails
  4746 | D:6      | Reached skill level 3 in Polearms
  4746 | D:6      | Reached skill level 3 in Staves
  4746 | D:6      | Reached skill level 3 in Slings
  4746 | D:6      | Reached skill level 3 in Bows
  4746 | D:6      | Reached skill level 3 in Crossbows
  4746 | D:6      | Reached skill level 3 in Throwing
  4746 | D:6      | Reached skill level 3 in Stealth
  4746 | D:6      | Reached skill level 3 in Shields
  4746 | D:6      | Reached skill level 3 in Unarmed Combat
  4746 | D:6      | Reached skill level 3 in Spellcasting
  4746 | D:6      | Reached skill level 3 in Evocations
  5055 | D:6      | Noticed Sigmund
  5064 | D:6      | Killed Sigmund
  5075 | D:6      | HP: 6/67 [water moccasin (1)]
  5076 | D:6      | HP: 1/67 [poisoned by a water moccasin]
  5076 | D:6      | Slain by a water moccasin

Vanquished Creatures
  Sigmund (D:6)
  A water moccasin (D:6)
  2 ogres
  A black bear (D:4)
  A phantom (D:5)
  A scorpion (D:5)
  2 killer bees (D:5)
  3 hounds
  2 orc priests
  Natasha (thrice) (D:2)
  4 orc wizards (D:5)
  9 adders
  A shadow imp (D:5)
  8 orcs
  5 ball pythons
  2 bats
  3 endoplasms (D:3)
  A giant cockroach (D:4)
  4 goblins
  10 hobgoblins
  4 jackals (D:5)
  5 kobolds
  4 quokkas
  2 frilled lizards
  3 rats
82 creatures vanquished.

Vanquished Creatures (others)
  A plant (D:2)
1 creature vanquished.

Grand Total: 83 creatures vanquished
